 Dungeon Crawl Stone Soup version 0.17.1-1-g73c8601 (webtiles) character file.

3880 thevtm the Cleaver (level 10, 93/93 HPs)
             Began as a Minotaur Berserker on Dec 20, 2015.
             Was a High Priest of Trog.
             Starved to death
             ... on level 8 of the Dungeon.
             The game lasted 00:35:59 (6630 turns).

thevtm the Cleaver (Minotaur Berserker)             Turns: 6630, Time: 00:35:59

Health: 93/93      AC: 20    Str: 22    XL:     10   Next: 0%
Magic:  9/9        EV:  9    Int:  4    God:    Trog [*****.]
Gold:   390        SH:  0    Dex: 13    Spells: 0 memorised, 9 levels left

rFire  + . .     SeeInvis .     a - +0 hand axe
rCold  . . .     Clarity  .     h - +0 plate armour
rNeg   + . .     SustAt   .     (no shield)
rPois  .         Gourm    .     (helmet restricted)
rElec  .         Spirit   .     E - +0 cloak
rCorr  .         Warding  .     N - +2 pair of gloves
rMut   .         Stasis   .     S - +0 pair of boots (curse)
MR     .....                    (no amulet)
Stlth  ..........               z - ring of protection from fire
                                k - ring of positive energy

@: fainting, not resistant to hostile enchantments, extremely unstealthy
A: retaliatory headbutt, horns 2
a: Berserk, Trog's Hand, Brothers in Arms, Burn Spellbooks, Renounce Religion


You were on level 8 of the Dungeon.
You worshipped Trog.
Trog was extremely pleased with you.
You were fainting.

You visited 1 branch of the dungeon, and saw 8 of its levels.

You collected 537 gold pieces.
You spent 147 gold pieces at shops.

Inventory:

Hand Weapons
 a - a +0 hand axe (weapon)
Missiles
 K - 7 tomahawks of returning (quivered)
Armour
 b - a +0 animal skin
 h - a +0 plate armour (worn)
 n - a +0 pair of boots
 s - a +0 pair of gloves
 E - a +0 cloak (worn)
 G - the +3 ring mail of Hospitality {*Confuse Str+3 Int+8}
   (You found it on level 5 of the Dungeon)

   It affects your strength (+3).
   It affects your intelligence (+8).
   It may confuse you when you take damage.
 N - a +2 pair of gloves (worn)
 S - a cursed +0 pair of boots (worn)
Rods
 U - a cursed -1 rod of shadows (5/10)
   (You took it off an orc wizard on level 8 of the Dungeon)
Jewellery
 k - a ring of positive energy (left hand)
 x - an uncursed ring of protection from fire
 y - an uncursed ring of stealth
 z - a ring of protection from fire (right hand)
 L - an uncursed ring of sustain attributes {unknown}
 P - an uncursed amulet of guardian spirit {unknown}
 T - a +3 ring of evasion {unknown}
Wands
 p - a wand of lightning (10)
Scrolls
 e - 3 scrolls of enchant weapon {unknown}
 f - 5 scrolls of identify {unknown}
 g - 2 scrolls of blinking
 i - a scroll of amnesia {unknown}
 j - a scroll of fear {unknown}
 l - 2 scrolls of fog {unknown}
 o - 2 scrolls of teleportation
 q - a scroll of noise {unknown}
 t - a scroll of recharging {unknown}
 u - 3 scrolls of enchant armour {unknown}
 B - 2 scrolls of immolation {unknown}
 J - 2 scrolls of random uselessness {unknown}
 R - 2 scrolls of remove curse {unknown}
Potions
 d - a potion of degeneration {unknown}
 r - 3 potions of cancellation {unknown}
 w - 2 potions of ambrosia {unknown}
 A - 2 potions of brilliance {unknown}
 D - a potion of mutation {unknown}
 F - 2 potions of resistance {unknown}
 I - 2 potions of heal wounds {unknown}
 M - 2 potions of curing {unknown}
 O - a potion of magic {unknown}
Books
 C - a Young Poisoner's Handbook

   Spells                             Type                      Level
   a - Sting                          Conjuration/Poison           1
   b - Cure Poison                    Poison                       2
   c - Mephitic Cloud                 Conjuration/Poison/Air       3
   d - Olgreb's Toxic Radiance        Poison                       4
   e - Venom Bolt                     Conjuration/Poison           5
   Trog disapproves of the use of such an item.
 Q - an Akashic Record

   Spells                             Type                      Level
   a - Dispersal                      Translocation                6
   b - Malign Gateway                 Summoning/Translocation      7
   c - Disjunction                    Translocation                8
   d - Controlled Blink               Translocation                8
   Trog disapproves of the use of such an item.
Comestibles
 c - 8 bread rations
 m - 3 royal jellies
 v - 2 meat rations
 H - 4 beef jerkies


   Skills:
 + Level 10.0 Fighting
 + Level 10.1 Axes
 + Level 10.0 Armour
 + Level 4.6 Dodging
 + Level 1.2 Stealth


You had 9 spell levels left.
You didn't know any spells.

Dungeon Overview and Level Annotations

Branches:
Dungeon (8/15)             Temple (0/1) D:4
   Lair: D:8-11

Altars:
Ashenzari
Dithmenos
Elyvilon
Gozag
Okawaru
Trog
Vehumet
Xom
Zin
The Shining One

Shops:
D:7 [   D:8 *?


Innate Abilities, Weirdness & Mutations

You reflexively headbutt those who attack you in melee.
You have a pair of horns on your head.


Message History

The hungry ghost is severely damaged.
The hungry ghost hits you.
You feel slightly more hungry.
You closely miss the hungry ghost. Your headbutt misses the hungry ghost.
The hungry ghost is severely damaged.
The hungry ghost barely misses you.
You miss the hungry ghost.
The hungry ghost is severely damaged.
The hungry ghost hits you.
You feel slightly more hungry.
You hit the hungry ghost. Your headbutt misses the hungry ghost.
The hungry ghost is almost destroyed.
The hungry ghost hits you.
You feel slightly more hungry.
You hit the hungry ghost but do no damage.
The hungry ghost is severely damaged.
You slash the hungry ghost!
The hungry ghost is almost destroyed.
The hungry ghost hits you.
You feel slightly more hungry.
You barely miss the hungry ghost. Your headbutt misses the hungry ghost.
The hungry ghost is almost destroyed.
You have starved to death.
You die...

######## #####.......
#.....# ### #### #.##..##
#.. ... .... #.##...###.#
#.# #.## #...._...#W# #.#
#.## #........#@# #.# ##.##
#..........# #.# #....
#....8.....# #.# #..#.
#...........# #.# #..#.
##.......#%.#.####.####..#.
#..._...#.................
###..........####.........
#.......#### ####.#.##.
##..##### #....#.


You could see a hungry ghost.

Vanquished Creatures
  A hippogriff (D:7)
  A sky beast (D:8)
  3 orc warriors
  A black bear (D:8)
  3 ice beasts
  6 ogres
  4 centaurs
  2 gnoll sergeants (D:6)
  2 giant frogs
  A water moccasin zombie (D:6)
  6 killer bees (D:8)
  A vampire bat (D:3)
  3 crimson imps
  2 gnoll shamans (D:6)
  8 orc priests
  8 hounds
  8 orc wizards
  2 giant frog skeletons
  6 worker ants
  A centaur skeleton (D:8)
  3 iguanas
  A killer bee zombie (D:7)
  Robin (D:2)
  7 adders
  18 gnolls
  4 shadow imps
  2 adder skeletons
  4 worms
  10 giant geckos
  40 orcs
  8 bats
  10 goblins
  12 hobgoblins
  5 jackals
  10 kobolds
  3 quokkas
  A giant cockroach (D:1)
  A giant gecko skeleton (D:6)
  2 giant gecko zombies
  6 giant newts
  6 rats
223 creatures vanquished.

Notes
Turn   | Place    | Note
--------------------------------------------------------------
     0 | D:1      | thevtm the Minotaur Berserker began the quest for the Orb.
     0 | D:1      | Reached XP level 1. HP: 19/19 MP: 0/0
    18 | D:1      | Reached skill level 4 in Axes
    60 | D:1      | Reached XP level 2. HP: 25/27 MP: 1/1
   311 | D:1      | Reached ** piety under Trog
   539 | D:2      | Noticed Robin
   837 | D:2      | Killed Robin
   837 | D:2      | Reached XP level 3. HP: 33/33 MP: 2/2
   859 | D:2      | Reached XP level 4. HP: 13/41 MP: 3/3
  1425 | D:3      | Reached skill level 5 in Fighting
  1425 | D:3      | Reached XP level 5. HP: 43/48 MP: 4/4
  1680 | D:3      | Reached skill level 5 in Axes
  1843 | D:3      | Reached *** piety under Trog
  2260 | D:4      | Noticed an ogre
  2273 | D:4      | Reached XP level 6. HP: 54/56 MP: 5/5
  2280 | D:4      | Killed an ogre
  2454 | D:4      | Reached skill level 6 in Fighting
  2537 | D:4      | Found a staircase to the Ecumenical Temple.
  2754 | D:4      | Found a shadowy altar of Dithmenos.
  2809 | D:4      | Found a white marble altar of Elyvilon.
  2809 | D:4      | Found a glowing golden altar of the Shining One.
  2809 | D:4      | Found a glowing silver altar of Zin.
  2916 | D:4      | Noticed an ogre
  2920 | D:4      | Killed an ogre
  2920 | D:4      | Reached skill level 5 in Armour
  3182 | D:5      | Entered Level 5 of the Dungeon
  3191 | D:5      | Reached XP level 7. HP: 64/64 MP: 6/6
  3638 | D:5      | Reached skill level 7 in Fighting
  3800 | D:5      | Got a slimy ring mail
  3811 | D:5      | Identified the +3 ring mail of Hospitality {*Confuse Str+3 Int+8} (You found it on level 5 of the Dungeon)
  3971 | D:6      | Reached XP level 8. HP: 73/73 MP: 7/7
  4073 | D:6      | Reached **** piety under Trog
  4180 | D:6      | Found a shimmering altar of Xom.
  4311 | D:6      | Reached skill level 8 in Fighting
  4677 | D:6      | Received a gift from Trog
  4794 | D:6      | Reached XP level 9. HP: 68/82 MP: 8/8
  4871 | D:6      | Reached skill level 9 in Fighting
  4912 | D:6      | Received a gift from Trog
  5327 | D:7      | Found Voaneisk's Armour Boutique.
  5702 | D:7      | Found a radiant altar of Vehumet.
  5702 | D:7      | Found an iron altar of Okawaru.
  5703 | D:7      | Found an opulent altar of Gozag.
  5789 | D:8      | Found Aheuve's Assorted Antiques.
  5828 | D:8      | Found Oliqaf's Magic Scroll Boutique.
  5833 | D:8      | Bought a scroll of blinking for 105 gold pieces
  5833 | D:8      | Bought a scroll of teleportation for 42 gold pieces
  6263 | D:8      | Reached skill level 1 in Stealth
  6273 | D:8      | Reached skill level 10 in Fighting
  6327 | D:8      | Reached skill level 10 in Armour
  6337 | D:8      | Reached ***** piety under Trog
  6345 | D:8      | Reached skill level 10 in Axes
  6443 | D:8      | Reached XP level 10. HP: 93/93 MP: 9/9
  6579 | D:8      | Found a bloodstained altar of Trog.
  6586 | D:8      | Found a shattered altar of Ashenzari.
  6630 | D:8      | Starved to death

Action                   |  1- 3 |  4- 6 |  7- 9 | 10-12 || total
-------------------------+-------+-------+-------+-------++-------
Melee: Hand axe          |    64 |   147 |   426 |    33 ||   670
Invok: Berserk           |     2 |     3 |     9 |       ||    14
       Trog's Hand       |     1 |     2 |     8 |       ||    11
  Eat: Chunk             |     1 |    12 |    20 |       ||    33
       Pizza             |       |       |     1 |       ||     1
